 Dungeon Crawl Stone Soup version 0.31-a0-858-g469dc525a8 (webtiles) character file.

Game seed: 10897043984092215488

2289 BinkBink the Thaumaturge (level 9, -34/45 HPs)
             Began as a Deep Elf Fire Elementalist on Oct 9, 2023.
             Was a Follower of Vehumet.
             Hit by a large rock thrown by a cyclops (51 damage)
             ... on level 6 of the Dungeon.
             The game lasted 00:15:51 (6217 turns).

BinkBink the Thaumaturge (DEFE)                     Turns: 6217, Time: 00:15:52

Health: -34/45     AC:  5    Str:  5    XL:     9   Next: 17%
Magic:  24/26      EV: 12    Int: 37    God:    Vehumet [*.....]
Gold:   302        SH:  0    Dex: 15    Spells: 23/31 levels left

rFire   . . .        (no weapon)
rCold   . . .        (no shield)
rNeg    . . .        a - +0 robe
rPois   .            (no helmet)
rElec   .            J - +0 cloak
rCorr   .            j - +0 pair of gloves
SInv    .            q - +0 pair of boots
Will    .....        (no amulet)
Stlth   ++           r - +6 ring of intelligence
HPRegen 0.27/turn    D - +6 ring of intelligence
MPRegen 0.20/turn

%: no passive effects
@: no status effects
A: no striking features
a: Renounce Religion


You were on level 6 of the Dungeon.
You worshipped Vehumet.
Vehumet was aware of your devotion.
You visited 2 branches of the dungeon, and saw 7 of its levels.
You also visited: Ossuary.

You collected 302 gold pieces.

Inventory:

Armour
 a - a +0 robe (worn)
 j - a +0 pair of gloves (worn)
 q - a +0 pair of boots (worn)
 J - a +0 cloak (worn)
Jewellery
 o - a ring of poison resistance
 r - a +6 ring of intelligence (left hand)
 x - a +5 ring of evasion
 D - a +6 ring of intelligence (right hand)
 H - a ring of wizardry
 I - a ring of resist corrosion
Wands
 l - a wand of roots (5)
Scrolls
 c - 7 scrolls of identify {unknown}
 d - 3 scrolls of amnesia {unknown}
 g - a scroll of fog {unknown}
 i - 3 scrolls of poison {unknown}
 k - a scroll of noise {unknown}
 m - 2 scrolls of enchant armour {unknown}
 n - 4 scrolls of fear {unknown}
 p - 3 scrolls of teleportation {unknown}
 u - a scroll of immolation {unknown}
 v - a scroll of revelation {unknown}
 y - 2 scrolls of enchant weapon {unknown}
 B - 2 scrolls of blinking {unknown}
 E - 2 scrolls of butterflies {unknown}
 F - a scroll of torment {unknown}
 G - a scroll of brand weapon {unknown}
Potions
 b - a potion of magic
 e - 4 potions of enlightenment {unknown}
 f - 2 potions of resistance {unknown}
 h - a potion of heal wounds {unknown}
 s - 3 potions of curing {unknown}
 t - 5 potions of degeneration {unknown}
 w - a potion of lignification {unknown}
 z - 2 potions of might {unknown}
 A - 4 potions of brilliance {unknown}
 C - 3 potions of attraction {unknown}
 K - a potion of mutation {unknown}


   Skills:
 - Level 2.4 Dodging
 - Level 2.4 Stealth
 * Level 11.6 Spellcasting
 + Level 6.6 Conjurations
 + Level 7.5 Fire Magic
 + Level 0.4 Air Magic


You had 23 spell levels left.
You knew the following spells:

 Your Spells              Type           Power      Damage    Failure   Level
a - Foxfire               Conj/Fire      100%       2x1d9     1%          1
b - Scorch                Fire           100%       2d9       1%          2
c - Flame Wave            Conj/Fire      65%        2d15      1%          4
d - Shock                 Conj/Air       100%       1d9       1%          1

Your spell library contained the following spells:

 Spells                   Type           Power      Damage    Failure   Level
 Freeze                   Ice            84%        1d9       1%          1
 Hailstorm                Conj/Ice       46%        3d11      1%          3
 Inner Flame              Hex/Fire       49%        N/A       1%          3
 Volatile Blastmotes      Fire/Tloc      98%        2d18      1%          3
 Wereblood                Tmut           21%        N/A       2%          2
 Frozen Ramparts          Ice            42%        1d7       5%          3
 Gell's Gravitas          Tloc           21%        N/A       5%          3
 Teleport Other           Tloc           21%        N/A       5%          3
 Irradiate                Conj/Tmut      23%        3d19      13%         5
 Dispersal                Tloc           10%        N/A       96%         6
 Simulacrum               Ice/Necr       10%        N/A       96%         6
 Ozocubu's Refrigeration  Ice            10%        4d9       100%        7
 Polar Vortex             Ice            10%        12d1*     100%        9


Dungeon Overview and Level Annotations

Branches:
Dungeon (6/15)             Temple (1/1) D:4         Ossuary (visited)

Altars:
Ashenzari
Cheibriados
Dithmenos
Elyvilon
Fedhas
Gozag
Hepliaklqana
Kikubaaqudgha
Makhleb
Nemelex Xobeh
Okawaru
Qazlal
Sif Muna
Trog
Uskayaw
Vehumet
Wu Jian
Xom
Yredelemnul
Zin
The Shining One


Message History

y - 2 scrolls labelled ZIFATI WUGIMEU (gained 1)
B - 2 scrolls labelled ECVYCEQED (gained 1)
You now have 273 gold pieces (gained 12).
You now have 282 gold pieces (gained 9).
Found a cloak.
c - 7 scrolls labelled JENUYF XEBBE (gained 1)
I - a ring of resist corrosion
Found 11 gold pieces.
You see here a +0 cloak.
J - a +0 cloak You start putting on your armour.
You continue putting on your +0 cloak. x4
You finish putting on your +0 cloak.
You now have 293 gold pieces (gained 11).
K - a fuming red potion A cyclops comes into view.
Found a stone staircase leading up.
Found 9 gold pieces, an inky potion and a white potion.
Found a scroll labelled MACVEC TUINOOT and a ring mail.
You now have 302 gold pieces (gained 9).
Found a stone staircase leading up.
E - 2 scrolls labelled MACVEC TUINOOT (gained 1)
f - 2 white potions (gained 1)
Found a stone staircase leading down.
Found a cloak.
s - 3 inky potions (gained 1)
Found a book of Frost.
You pick up a book of Frost and begin reading...
You add the spells Freeze, Frozen Ramparts and Hailstorm to your library.
Found a stone staircase leading down.
Found a helmet.
Casting: Scorch (safe; 1% risk of failure)
Confirm with . or Enter, or press ? or * to list all spells.
Flames lash the cyclops.
The cyclops is lightly wounded.
The cyclops's fire resistance burns away.
The cyclops hits you!!
Ouch! That really hurt!
The cyclops throws a large rock.
The large rock hits you!!!
Ouch! That really hurt!
You die...

#.#####.......#... #.#
#.......#... #.#
####..###... #.#
##..###... ######
#..###.... #..[#
#..#...... #C####
#..#.##... #....#
#....##...
####@#######...##....
#.#...............
#.#.........###...
#.#.........# ##..
#.#.........###...
#.#.........##..##
#.#####..#.##..##
#####.####...#.#..##
#............#...#####


You could see a cyclops (combustible).

Vanquished Creatures
  2 slime creatures (D:5)
  2 wyvern zombies (Ossuary)
  6 kobold brigands (D:5)
  A water moccasin zombie (Ossuary)
  4 elf skeletons (D:4)
  3 howler monkeys
  2 centaur zombies (Ossuary)
  A bullfrog zombie (Ossuary)
  9 jellies
  A hound (D:5)
  3 orc priests (D:5)
  Jessica (D:2)
  3 iguanas
  12 mummies (Ossuary)
  3 killer bee zombies (Ossuary)
  A howler monkey zombie (Ossuary)
  3 gnolls (D:3)
  6 adders
  2 ufetubi (D:5)
  3 worms (D:2)
  A dart slug (D:3)
  16 orcs
  A bat (D:2)
  4 endoplasms
  5 giant cockroaches
  2 goblins
  5 hobgoblins
  3 quokkas
  4 ball pythons
  2 frilled lizards
  4 kobolds
  An orc skeleton (D:4)
  An orc zombie (D:4)
  4 rats
121 creatures vanquished.

Vanquished Creatures (collateral kills)
  A foxfire (Ossuary)
1 creature vanquished.

Vanquished Creatures (others)
  383 foxfires
383 creatures vanquished.

Grand Total: 505 creatures vanquished

Notes
Turn   | Place    | Note
-------+----------+-------------------------------------------
     0 | D:1      | BinkBink the Deep Elf Fire Elementalist began the quest for
                  | the Orb.
     0 | D:1      | Reached XP level 1. HP: 10/10 MP: 6/6
   441 | D:2      | Reached XP level 2. HP: 8/15 MP: 3/8
   712 | D:2      | Reached skill level 4 in Spellcasting
   712 | D:2      | Reached XP level 3. HP: 19/19 MP: 5/10
   809 | D:2      | Noticed Jessica
   814 | D:2      | Killed Jessica
  1004 | D:2      | Reached XP level 4. HP: 24/24 MP: 8/12
  1158 | D:2      | Found a faded altar of an unknown god.
  1333 | D:2      | Learned a level 2 spell: Scorch
  1628 | D:3      | Reached skill level 5 in Spellcasting
  2077 | D:3      | Found a bloodstained altar of Trog.
  2343 | D:4      | Reached XP level 5. HP: 28/28 MP: 10/15
  2564 | D:4      | Found a staircase to the Ecumenical Temple.
  2688 | D:4      | Reached skill level 6 in Spellcasting
  2766 | D:4      | Reached XP level 6. HP: 27/32 MP: 3/17
  2867 | D:4      | Found a sand-covered staircase.
  2883 | D:4      | Reached skill level 7 in Spellcasting
  2883 | D:4      | Reached skill level 5 in Fire Magic
  2915 | Ossuary  | Entered an ossuary
  3008 | Ossuary  | Reached XP level 7. HP: 36/36 MP: 6/19
  3154 | Ossuary  | Reached skill level 8 in Spellcasting
  4028 | Temple   | Entered the Ecumenical Temple
  4068 | Temple   | Became a worshipper of Vehumet
  4094 | Temple   | Learned a level 4 spell: Flame Wave
  4299 | D:5      | Entered Level 5 of the Dungeon
  4316 | D:5      | Reached skill level 9 in Spellcasting
  4316 | D:5      | Reached skill level 5 in Conjurations
  4388 | D:5      | Reached XP level 8. HP: 41/41 MP: 17/23
  4877 | D:5      | Reached skill level 10 in Spellcasting
  4882 | D:5      | Reached * piety under Vehumet
  4882 | D:5      | Offered knowledge of Shock by Vehumet.
  5076 | D:5      | Noticed a slime creature
  5146 | D:5      | Killed a slime creature
  5464 | D:5      | Reached skill level 11 in Spellcasting
  5604 | D:5      | Reached XP level 9. HP: 45/45 MP: 24/26
  5741 | D:5      | Identified the +5 falchion "Engefub" {holy, rElec rF- Int+6
                  | Stlth-}
  5744 | D:5      | Learned a level 1 spell: Shock
  6044 | D:6      | Noticed a cyclops
  6217 | D:6      | Hit by a large rock thrown by a cyclops

Illustrated notes

Levels and vault maps discovered:
D:1:      erik_arrival_blinker_ship, layout_rooms
D:2:      layout_loops_ring, dreamdust_ecumenical_altar_angels_and_demons,
          nicolae_figureground_pulse, uniq_jessica
D:3:      layout_basic, old_standard_altar, serial_glass, glass_columns_c,
          glass_columns_a, minmay_strange_pillars, item_on_display_a,
          minmay_strange_pillars
D:4:      layout_basic, temple_statues, nicolae_ossuary_entry_catacombs
D:5:      cheibrodos_fertilizer, layout_gridville
D:6:      layout_rooms, minmay_microvault
Temple:   nicolae_temple_slightly_damp_pantheon

Skill      XL: |  1  2  3  4  5  6  7  8 |
---------------+-------------------------+-----
Spellcasting   | 4 5 6 7 9 11 | 11.6
Conjurations   | 2 3 4 5 6 |  6.6
Fire Magic     | 4 5 6 7 |  7.5
Dodging        | |  2.4
Stealth        | |  2.4
Air Magic      | |  0.4

Action                     |  1- 3 |  4- 6 |  7- 9 || total
---------------------------+-------+-------+-------++-------
  Melee: Unarmed           |       |       |     1 ||     1
   Cast: Foxfire           |    44 |    52 |   127 ||   223
         Scorch            |       |    39 |    58 ||    97
         Flame Wave        |       |       |     1 ||     1
 Armour: Robe              |     7 |    15 |    25 ||    47
  Dodge: Dodged            |     3 |    10 |    26 ||    39

Table legend: (Time is in decaauts)
 A = Elapsed time spent in this place.
 B = Non-inter-level travel time spent in this place.
 C = Inter-level travel time spent in this place.
 D = Time resting spent in this place.
 E = Time spent auto-exploring this place.
 F = Levels seen in this place.
 G = Mean time per level.
                   A        B        C        D        E       F      G
               +--------+--------+--------+--------+--------+-----+--------+
         Total |   6251 |   6018 |    233 |    326 |   4435 |   8 |  781.4 |
       Dungeon |   5253 |   5078 |    175 |    161 |   3822 |   6 |  875.5 |
        Temple |     66 |      8 |     58 |      0 |      0 |   1 |   66.0 |
       Ossuary |    930 |    930 |      0 |    165 |    613 |   1 |  930.0 |
               +--------+--------+--------+--------+--------+-----+--------+

Top non-repeatable levels by time:
     D:5: 1492 daAuts
     D:2: 1143 daAuts
     D:4: 1034 daAuts
 Ossuary: 930 daAuts
     D:3: 754 daAuts
     D:6: 424 daAuts
     D:1: 404 daAuts
  Temple: 66 daAuts
